 Dungeon Crawl Stone Soup version 0.27.0-1-g7a089689b8 (webtiles) character file.

Game seed: 18265074378730691154

140 ZombieSheep the Skirmisher (level 5, 0/42 HPs)
             Began as a Formicid Abyssal Knight on Aug 3, 2021.
             Was a Believer of Lugonu.
             Succumbed to a kobold's poison
             ... on level 3 of the Dungeon.
             The game lasted 00:04:21 (3572 turns).

ZombieSheep the Skirmisher (FoAK)                   Turns: 3572, Time: 00:04:21

Health: 0/42       AC:  8    Str: 17    XL:     5   Next: 47%
Magic:  4/7        EV: 10    Int: 12    God:    Lugonu [**....]
Gold:   62         SH:  0    Dex: 10    Spells: 4/4 levels left

rFire    . . .     SeeInvis +   a - +1 spear
rCold    . . .     Faith    .   (no shield)
rNeg     . . .     Spirit   .   e - +0 scale mail
rPois    .         Reflect  .   (helmet unavailable)
rElec    .         Harm     .   g - +0 cloak
rCorr    .         Rampage  .   (no gloves)
Will     .....                  (no boots)
Stlth    ..........             (no amulet)
HPRegen  0.14/turn              (no ring)
MPRegen  0.10/turn              (no ring)

@: lethally poisoned (0 -> -7)
A: permanent stasis, dig shafts and tunnels, antennae 3, four strong arms
a: Dig, Shaft Self, Renounce Religion, Depart the Abyss, Bend Space


You were on level 3 of the Dungeon.
You worshipped Lugonu.
Lugonu was pleased with you.
You visited 1 branch of the dungeon, and saw 3 of its levels.
You visited the Abyss 1 time.

You collected 62 gold pieces.

Inventory:

Hand Weapons
 a - a +1 spear (weapon)
Armour
 e - a +0 scale mail (worn)
 g - a +0 cloak (worn)
Jewellery
 d - a ring of magical power
Scrolls
 b - a scroll of teleportation {unknown}
 c - a scroll of fog
 i - a scroll of amnesia {unknown}
Potions
 f - a potion of lignification {unknown}
 h - a potion of flight {unknown}


   Skills:
 + Level 4.1 Fighting
 + Level 2.8 Polearms
 + Level 3.2 Armour
 + Level 2.0 Dodging
 + Level 3.3 Invocations


You had 4 spell levels left.
You didn't know any spells.
Your spell library contained the following spells:

 Spells                   Type           Power      Damage    Failure   Level
 Freeze                   Ice            0%         1d3       73%         1


Dungeon Overview and Level Annotations

Branches:
Dungeon (3/15)

Altars:

Shops:
D:3 =([[


Innate Abilities, Weirdness & Mutations

You cannot be hasted, slowed, berserked, paralysed or teleported.
You can dig through walls and to a lower floor.
You have a pair of large antennae on your head. (SInv)
Your four strong arms can wield two-handed weapons with a shield.


Message History

You open the large door.
An endoplasm comes into view.
The gnoll shouts!
You hear a shout!
You reach to attack!
Your scale mail prevents you from hitting the endoplasm.
You reach to attack!
You hit the endoplasm.
The endoplasm is almost dead.
You hit the endoplasm.
You kill the endoplasm!
Lugonu accepts your kill.
You barely miss the gnoll. The gnoll misses you.
You barely miss the gnoll.
The gnoll hits you from afar with a +0 halberd!
The gnoll hits you but does no damage.
You closely miss the gnoll.
The gnoll hits you from afar with a +0 halberd!
The gnoll barely misses you.
You hit the gnoll.
The gnoll is moderately wounded.
The gnoll hits you from afar with a +0 halberd!
The gnoll hits you with a +0 club.
* * * LOW HITPOINT WARNING * * *
You are too injured to fight recklessly!
You are too injured to fight recklessly!
You fail to use your ability.
The gnoll closely misses you. The gnoll hits you but does no damage.
Space bends around you!
You blink.
An adder, a rat and a kobold come into view.
The kobold is wielding a +0 short sword and quivering poisoned darts.
The adder hisses angrily.
The kobold shouts!
The kobold throws a poisoned dart.
The poisoned dart hits you!
You are lethally poisoned!
Unknown command.
Space bends around you!
You blink.
A bat comes into view.
* * * LOW HITPOINT WARNING * * *
You feel sick.
Found a +0 club, a runed helmet and a war axe.
Space bends around you!
You blink.
You die...

#.#.#..).###.#
#.#
#.#.......##.#
#.#
#.############
#.# ### ...# #>#
.......## #.#
........#######.#
.........##.....#
..........##.####
......K...@#.#
......S....#.#
#..#......g#.#
)≈≈..b.§..g'g#
.≈≈........'.#
#..#...r...###
...........#
...........#
.[........##


You could see 2 gnolls, an adder, a bat, a kobold and a rat.

Vanquished Creatures
  Natasha (thrice) (D:2)
  An adder (D:2)
  A worm (D:2)
  2 dart slugs
  4 bats
  6 endoplasms
  A giant cockroach (D:1)
  6 jackals (D:1)
  6 kobolds (D:2)
  A quokka (D:2)
  4 ball pythons
  3 frilled lizards
  6 goblins
  4 rats (D:2)
48 creatures vanquished.

Vanquished Creatures (others)
  10 plants (D:2)
10 creatures vanquished.

Grand Total: 58 creatures vanquished

Notes
Turn   | Place    | Note
-------+----------+-------------------------------------------
     0 | Abyss:1  | ZombieSheep the Formicid Abyssal Knight began the quest for
                  | the Orb.
     0 | Abyss:1  | Reached XP level 1. HP: 18/18 MP: 2/2
    47 | Abyss:1  | Noticed a five-headed hydra skeleton
    48 | D:1      | Escaped the Abyss
    79 | D:1      | Reached skill level 1 in Dodging
    89 | D:1      | Reached XP level 2. HP: 8/24 MP: 3/3
    91 | D:1      | Reached * piety under Lugonu
   499 | D:1      | Reached XP level 3. HP: 24/29 MP: 4/4
  1244 | D:2      | Found a faded altar of an unknown god.
  1248 | D:2      | Got Plato's Tome of Cold
  1635 | D:2      | Reached XP level 4. HP: 37/37 MP: 6/6
  1751 | D:2      | Noticed Natasha
  1767 | D:2      | Killed Natasha
  2649 | D:2      | Noticed Natasha
  2674 | D:2      | Killed Natasha
  2675 | D:2      | Reached skill level 4 in Fighting
  2675 | D:2      | Reached XP level 5. HP: 14/42 MP: 7/7
  3031 | D:2      | Noticed Natasha
  3038 | D:2      | Killed Natasha
  3326 | D:3      | Found Qinof's Jewellery Shop.
  3371 | D:3      | Found Kauluteu's Antique Weapon Shoppe.
  3418 | D:3      | Reached ** piety under Lugonu
  3464 | D:3      | Found Xahodump's Armour Shoppe.
  3480 | D:3      | Found Alukhl Qibi's Antique Armour Emporium.
  3572 | D:3      | Succumbed to a kobold's poison

Illustrated notes

Levels and vault maps discovered:
D:1:      onia_arrival_pentagram, layout_loops_ring
D:2:      layout_basic, shapermc_ecumenical_altar_rom_forum, minmay_misc_feat_x,
          grunt_decor_fettered, grunt_ministairs_5, lexackson_kobold_supper,
          uniq_natasha
D:3:      kennysheep_big_flooded_room, layout_loops_ring, jmf_multi_god_temple,
          serial_shops, shop, nicolae_lakefront_shop,
          nicolae_shop_temple_entry_statues_fountains, shop_fountains,
          nicolae_shop_statue_plus, minivault_27, minmay_puff

Skill      XL: |  1  2  3  4  5 |
---------------+----------------+-----
Dodging        | 1 2 |  2.0
Invocations    | 3 |  3.3
Armour         | 3 |  3.2
Fighting       | 4 |  4.1
Polearms       | |  2.8

Action                   |  1- 3 |  4- 6 || total
-------------------------+-------+-------++-------
Melee: Spear             |   127 |    90 ||   217
Invok: Depart the Abyss  |     1 |       ||     1
       Bend Space        |       |     3 ||     3
  Use: Scroll            |     2 |     1 ||     3
Armor: Leather armour    |    25 |       ||    25
       Scale mail        |       |    26 ||    26
Dodge: Dodged            |    59 |    32 ||    91
